 Dungeon Crawl Stone Soup version 0.17.2-1-ge4368a0 (webtiles) character file.

1005 ololoev the Chopper (level 8, 39/58 HPs)
             Began as a Demonspawn Berserker on July 26, 2016.
             Was a Priest of Trog.
             Quit the game on level 7 of the Dungeon.
             The game lasted 00:06:43 (890 turns).

ololoev the Chopper (Demonspawn Berserker)           Turns: 890, Time: 00:06:43

Health: 39/58      AC: 18    Str: 19    XL:     8   Next: 0%
Magic:  8/8        EV:  6    Int:  8    God:    Trog [***...]
Gold:   143        SH:  0    Dex: 14    Spells: 0 memorised, 7 levels left

rFire  . . .     SeeInvis .     a - +0 hand axe
rCold  + . .     Clarity  .     g - +3 plate armour
rNeg   + . .     SustAt   .     (no shield)
rPois  .         Gourm    .     (no helmet)
rElec  .         Spirit   .     o - +0 cloak
rCorr  .         Warding  .     h - +0 pair of gloves
rMut   .         Stasis   .     (no boots)
MR     .....                    u - amulet of faith
Stlth  ..........               n - ring of positive energy
                                l - ring of invisibility

@: not resistant to hostile enchantments, extremely unstealthy
A: molten scales 1, cold resistance 1, foul stench 1, rot immunity
a: Berserk, Trog's Hand, Burn Spellbooks, Renounce Religion, Evoke Invisibility


Innate Abilities, Weirdness & Mutations

You are partially covered in molten scales (AC +1).
Your flesh is cold resistant.
You may emit foul miasma when damaged in melee.
You are immune to rotting.

Inventory:

Hand Weapons
 a - a +0 hand axe (weapon)
Armour
 g - a +3 plate armour (worn)
 h - a +0 pair of gloves (worn)
 o - a +0 cloak (worn)
Jewellery
 l - a ring of invisibility (left hand)
 n - a ring of positive energy (right hand)
 u - an amulet of faith (around neck)
Wands
 m - a wand of digging (17)
 p - a wand of paralysis (7)
 t - a wand of cold (9)
Scrolls
 b - a scroll of enchant armour {unknown}
 d - 2 scrolls of remove curse {unknown}
 f - a scroll of fog {unknown}
 i - 2 scrolls of identify {unknown}
 q - a scroll of blinking {unknown}
Potions
 e - a potion of lignification {unknown}
Comestibles
 c - 4 bread rations
 j - 4 chunks of flesh
 k - a royal jelly
 r - 3 beef jerkies
 s - 7 slices of pizza


   Skills:
 - Level 3.0 Fighting
 * Level 7.4 Axes
 + Level 5.1 Armour
 - Level 1.7 Dodging


You had 7 spell levels left.
You didn't know any spells.


You were on level 7 of the Dungeon.
You worshipped Trog.
Trog was most pleased with you.
You were not hungry.

You visited 1 branch of the dungeon, and saw 7 of its levels.

You collected 143 gold pieces.

......##....#.# .[.#
............#.##...#
##....##.#.#......
#.... #.#......#
#....##.#......+
#.......'......#
####....#[))####
###...)#)..+
.......@...#
....#.)#...#
.....#..#####
...o.?.># o.....#
...... [..... ......

Notes
Turn   | Place    | Note
--------------------------------------------------------------
     0 | D:1      | ololoev the Demonspawn Berserker began the quest for the Orb.
     0 | D:1      | Reached XP level 1. HP: 18/18 MP: 1/1
   115 | D:1      | Gained mutation: You are immune to rotting. [demonic ancestry]
   115 | D:1      | Reached XP level 2. HP: 22/24 MP: 2/2
   251 | D:2      | Gained mutation: You are partially covered in molten scales (AC +1). [demonic ancestry]
   251 | D:2      | Reached XP level 3. HP: 21/29 MP: 3/3
   306 | D:4      | Noticed a centaur
   314 | D:4      | Killed a centaur
   314 | D:4      | Reached skill level 4 in Axes
   314 | D:4      | Reached XP level 4. HP: 18/35 MP: 4/4
   357 | D:3      | Reached ** piety under Trog
   384 | D:5      | Entered Level 5 of the Dungeon
   399 | D:5      | Noticed a necrophage
   408 | D:5      | Killed a necrophage
   408 | D:5      | Reached XP level 5. HP: 41/41 MP: 5/5
   493 | D:5      | Noticed a centaur
   526 | D:5      | Reached skill level 5 in Axes
   566 | D:5      | Noticed an ogre
   577 | D:5      | Killed an ogre
   577 | D:5      | Reached XP level 6. HP: 47/47 MP: 6/6
   602 | D:4      | Noticed an ogre
   662 | D:7      | Reached skill level 6 in Axes
   664 | D:7      | Gained mutation: You may emit foul miasma when damaged in melee. [demonic ancestry]
   664 | D:7      | Reached XP level 7. HP: 52/52 MP: 7/7
   737 | D:7      | Noticed a human
   737 | D:7      | Noticed a yak
   749 | D:7      | Killed a yak
   749 | D:7      | Killed a human
   749 | D:7      | Reached skill level 7 in Axes
   749 | D:7      | Reached skill level 5 in Armour
   889 | D:7      | Reached *** piety under Trog
   889 | D:7      | Gained mutation: Your flesh is cold resistant. [demonic ancestry]
   889 | D:7      | Reached XP level 8. HP: 39/58 MP: 8/8
   890 | D:7      | Quit the game

Dungeon Overview and Level Annotations

Branches:
Dungeon (7/15)
 Temple: D:4-7

Altars:


Message History

The orc hits you but does no damage.
Unknown command.
You slash the orc wizard!
The orc wizard is heavily wounded.
You hit the orc.
The orc is severely wounded.
The orc wizard hits you but does no damage.
Unknown command.
You hit the orc wizard.
The orc wizard is severely wounded.
You hit the orc but do no damage.
The orc is severely wounded.
The orc wizard barely misses you. The orc hits you but does no damage.
Unknown command.
Your plate armour prevents you from hitting the orc wizard.
The orc wizard is severely wounded.
You hit the orc but do no damage.
The orc is severely wounded.
The orc wizard hits you but does no damage.
The orc barely misses you. The orc wizard casts a spell at you.
The puff of flame hits you!
You hit the orc wizard but do no damage.
The orc wizard is severely wounded.
You hit the orc but do no damage.
The orc is severely wounded.
The orc barely misses you.
The orc wizard hits you but does no damage.
Unknown command.
You hit the orc wizard.
You kill the orc wizard!
Trog accepts your kill.
Trog appreciates your killing of a magic user.
You have reached level 8!
You feel agile.
Your demonic ancestry asserts itself...
You feel resistant to cold.
You hit the orc.
You kill the orc!
Trog accepts your kill.
Are you sure you want to abandon this character and quit the game? (Confirm with "yes".)

There were no monsters in sight!

Vanquished Creatures
  A yak (D:7)
  A human (D:7)
  An ice beast (D:7)
  A necrophage (D:5)
  A centaur (D:4)
  An ogre (D:5)
  A wyvern zombie (D:7)
  A crimson imp (D:7)
  A giant frog zombie (D:7)
  A worker ant (D:7)
  4 orc wizards
  3 sheep (D:7)
  An adder (D:2)
  A giant gecko (D:1)
  11 orcs
  A ball python (D:2)
  6 goblins
  2 hobgoblins
  2 jackals (D:1)
  2 bats
  3 giant cockroaches
  3 kobolds
  A quokka skeleton (D:7)
  3 rats (D:1)
53 creatures vanquished.

Action                   |  1- 3 |  4- 6 |  7- 9 || total
-------------------------+-------+-------+-------++-------
Melee: Hand axe          |    47 |    56 |    48 ||   151
Invok: Berserk           |     2 |     4 |     1 ||     7
  Eat: Chunk             |       |     3 |     3 ||     6
       Pizza             |       |     1 |       ||     1

Vault maps used:
D:1:      co_arrival_random_square_maze
D:2:      nemelex_diamond_rough_becter
D:3:      gammafunk_temple_overflow_pools, uniq_iyjb
D:4:      first_bread, nicolae_dithmenos_shadow_blocks
D:5:      minmay_temple_entry_purple_smoke, hex_medium,
          corexii_item_surrounded_by_moat, kb_lookout_dungeons_type
D:6:      grunt_temple_overflow_octagram, serial_shops, shop,
          minmay_stone_trees_small, uniq_menkaure, uniq_sigmund
D:7:      grunt_livestock
